 Dungeon Crawl Stone Soup version 0.31-a0-1591-g515db51633 (webtiles) character file.

Game seed: 13003494324017831053

3819 Atlas the Grappler (level 9, -7/70 HPs)
             Began as a White Draconian Shapeshifter on Jan 6, 2024.
             Was an Initiate of Gozag.
             Mangled by a wyvern (12 damage)
             ... on level 8 of the Dungeon.
             The game lasted 00:09:44 (8041 turns).

Atlas the Grappler (White Draconian Shapeshifter)   Turns: 8041, Time: 00:09:45

Health: -7/70      AC:  7    Str: 20    XL:     9   Next: 97%
Magic:  9/9        EV: 13    Int: 10    God:    Gozag
Gold:   267        SH:  0    Dex: 12    Spells: 8/8 levels left

rFire   . .          .
                       - Unarmed
rCold   + . .        (no shield)
rNeg    . . .        (body armour unavailable)
rPois   .            (helmet currently unavailable)
rElec   .            (cloak currently unavailable)
rCorr   .            (gloves currently unavailable)
SInv    +            (boots currently unavailable)
Will    +....        (no amulet)
Stlth   ++           f - ring of willpower
HPRegen 0.31/turn    s - ring of see invisible
MPRegen 0.11/turn

%: no passive effects
@: beast-form
A: beast (slay +4), breathe frost, AC +7, unfitting armour, cold resistance 1,
cold-blooded
a: Breathe Frost, Begin Untransformation, Renounce Religion, Potion Petition,
Call Merchant, Bribe Branch


You were on level 8 of the Dungeon.
You worshipped Gozag.
Gozag was aware of your devotion.
You were a hulking beast.
You visited 2 branches of the dungeon, and saw 9 of its levels.

You collected 716 gold pieces.
You spent 307 gold pieces at shops.
You paid 142 gold pieces to Gozag.

Inventory:

Jewellery
 f - a ring of willpower (left hand)
 s - a ring of see invisible (right hand)
 y - a ring of resist corrosion
Talismans
 b - a beast talisman
 c - a flux talisman
Wands
 i - a wand of quicksilver (31)
 q - a wand of mindburst (15)
 r - a wand of roots (9)
 C - a wand of flame (24)
Scrolls
 a - 2 scrolls of amnesia {unknown}
 d - a scroll of enchant armour {unknown}
 g - 5 scrolls of enchant weapon
 h - 3 scrolls of teleportation
 l - a scroll of blinking {unknown}
 m - 8 scrolls of identify {unknown}
 n - a scroll of fog {unknown}
 o - 3 scrolls of revelation {unknown}
 p - 3 scrolls of poison {unknown}
 D - a scroll of acquirement {unknown}
 E - 2 scrolls of noise {unknown}
Potions
 e - 2 potions of berserk rage {unknown}
 j - a potion of cancellation {unknown}
 k - a potion of magic {unknown}
 t - 2 potions of enlightenment {unknown}
 u - 2 potions of resistance {unknown}
 v - a potion of brilliance {unknown}
 w - a potion of heal wounds
 x - 2 potions of haste
 z - a potion of degeneration {unknown}
 A - a potion of attraction
 B - 4 potions of curing
 F - a potion of ambrosia {unknown}


   Skills:
 + Level 3.2 Fighting
 + Level 4.9 Dodging
 - Level 2.1 Stealth
 + Level 10.3 Unarmed Combat
 + Level 1.0 Evocations
 * Level 8.1 Shapeshifting


You had 8 spell levels left.
You didn't know any spells.
Your spell library contained the following spells:

 Spells                   Type           Power      Damage    Failure   Level
 Shock                    Conj/Air       0%         1d3       36%         1
 Swiftness                Air            0%         N/A       75%         3
 Airstrike                Air            0%         2d(0-16)  98%         4


Dungeon Overview and Level Annotations

Branches:
Dungeon (8/15)             Temple (1/1) D:6
   Lair: D:8-11

Altars:
Ashenzari
Cheibriados
Dithmenos
Elyvilon
Fedhas
Gozag
Hepliaklqana
Kikubaaqudgha
Okawaru
Qazlal
Ru
Sif Muna
Trog
Vehumet
Yredelemnul
Zin
The Shining One

Shops:
D:3 (   D:4 :(   D:5 :   D:6 [!   D:7 *!**

Annotations:
D:2 1 runed translucent door, Crazy Yiuf
D:4 Dowan, Duvessa
D:6 3 runed translucent doors, Pokonic1's ghost, novice OnAl
D:7 3 runed translucent doors, zenocrate's ghost, novice VSEn


Innate Abilities, Weirdness & Mutations

You are a hulking beast.
Your limbs bulge with bestial killing power. (Slay +4)
You can breathe waves of freezing cold which knock back foes.
Your icy white scales are hard. (AC +7)
You cannot fit into any form of body armour.
Your flesh is cold resistant. (rC+)
You are cold-blooded and may be slowed by cold attacks.


Message History

The yak is heavily wounded.
You punch the yak!
The yak is almost dead.
You have got your breath back.
The yak gores you!
You hit the yak but do no damage.
The yak is almost dead.
The yak gores you.
* * * LOW HITPOINT WARNING * * *
You hit the yak but do no damage.
The yak is almost dead.
The yak completely misses you.
You hit the yak.
The yak is almost dead.
The yak gores you but does no damage.
You barely miss the yak.
The yak is almost dead.
You hit the yak.
You kill the yak!
You now have 267 gold pieces (gained 11).
A wyvern comes into view.
A wyvern is nearby!
You are too injured to fight recklessly!
The wyvern hisses angrily.
You see here 82 gold pieces.
There are no items here.
You hit the wyvern.
The wyvern is lightly wounded.
The wyvern closely misses you.
You punch the wyvern! You punch the wyvern.
The wyvern is severely wounded.
The wyvern bites you!
* * * LOW HITPOINT WARNING * * *
The wyvern bites you!
* * * LOW HITPOINT WARNING * * *
You hit the wyvern.
The wyvern is severely wounded.
The wyvern bites you!
You die...
Your body crumbles into a pile of gold.

#.#.........#......
##.##...............
#...................
#...........##......
###....##...........
#.#...............
#.................
###........#......
#hk...............
###...!....#..
#............
##.)........#
#...........#
###..........
##.........
##...##... #.... .Y.


You could see a wyvern.

Vanquished Creatures
  A two-headed ogre (D:7)
  A shadow (D:7)
  5 yaks (D:8)
  Sigmund (D:2)
  A steam dragon (D:8)
  Edmund (D:4)
  3 ice beasts
  2 black bears
  An orc warrior (D:6)
  4 ogres
  A centaur (D:5)
  A phantom (D:5)
  A bullfrog (D:7)
  A kobold brigand (D:8)
  Blork the orc (D:4)
  A gnoll sergeant (D:5)
  A scorpion (D:4)
  A howler monkey (D:5)
  3 jellies (D:6)
  4 orc priests (D:6)
  2 sleepcaps
  2 orc wizards (D:6)
  An iguana (D:5)
  4 gnolls (D:5)
  10 adders
  2 white imps
  3 dart slugs
  2 ribbon worms
  16 orcs
  8 endoplasms
  2 giant cockroaches (D:4)
  7 goblins
  5 hobgoblins
  4 jackals (D:1)
  5 quokkas
  7 ball pythons
  5 bats
  2 frilled lizards
  18 kobolds
  4 rats
144 creatures vanquished.

Notes
Turn   | Place    | Note
-------+----------+-------------------------------------------
     0 | D:1      | Atlas the Draconian Shapeshifter began the quest for the
                  | Orb.
     0 | D:1      | Reached XP level 1. HP: 16/16 MP: 1/1
    91 | D:1      | Reached XP level 2. HP: 18/23 MP: 2/2
   722 | D:2      | Reached XP level 3. HP: 27/28 MP: 3/3
   734 | D:2      | Noticed Sigmund
   855 | D:2      | Killed Sigmund
   856 | D:2      | Reached skill level 4 in Unarmed Combat
   856 | D:2      | Reached XP level 4. HP: 35/35 MP: 4/4
   856 | D:2      | Reached XP level 5. HP: 40/40 MP: 5/5
  1053 | D:2      | Found a runed translucent door.
  1054 | D:2      | Noticed Crazy Yiuf
  1798 | D:3      | Reached skill level 1 in Stealth
  1944 | D:3      | Noticed an ogre
  1968 | D:3      | Killed an ogre
  1969 | D:3      | Reached XP level 6. HP: 5/47 MP: 6/6
  2161 | D:3      | Reached skill level 5 in Unarmed Combat
  2312 | D:3      | Found Utalel Ihomu's Weapon Shoppe.
  2757 | D:4      | Found Sudi's Book Shoppe.
  2760 | D:4      | Noticed Blork the orc
  2761 | D:4      | Found Mubbateh's Weapon Shop.
  2826 | D:4      | Noticed Duvessa
  2826 | D:4      | Noticed Dowan
  3326 | D:4      | Found a glowing silver altar of Zin.
  3407 | D:4      | Reached skill level 5 in Shapeshifting
  3422 | D:4      | Killed Blork the orc
  3423 | D:4      | Your scales start taking on an icy white colour.
  3423 | D:4      | Reached XP level 7. HP: 52/52 MP: 7/7
  3423 | D:4      | Gained mutation: Your flesh is cold resistant. (rC+) [White
                  | Draconian growth]
  3532 | D:4      | Noticed Edmund
  3541 | D:4      | Killed Edmund
  3832 | D:4      | Found a broken altar of Ashenzari.
  3864 | D:5      | Entered Level 5 of the Dungeon
  3870 | D:5      | Reached skill level 6 in Unarmed Combat
  3915 | D:5      | Identified the +9 quarterstaff "Syhuy" {freeze, Dex+8}
  3923 | D:5      | Found a white marble altar of Elyvilon.
  3923 | D:5      | Found a blossoming altar of Fedhas.
  4792 | D:5      | Reached XP level 8. HP: 28/61 MP: 8/8
  5009 | D:5      | Found Fusimuf's Book Shoppe.
  5789 | D:6      | Reached skill level 7 in Unarmed Combat
  5891 | D:6      | Found a runed translucent gate.
  6189 | D:6      | Reached skill level 8 in Unarmed Combat
  6196 | D:6      | Found a staircase to the Ecumenical Temple.
  6205 | Temple   | Entered the Ecumenical Temple
  6221 | Temple   | Became a worshipper of Gozag Ym Sagoz the Greedy
  6494 | D:6      | Found Poakak's Armour Shop.
  6548 | D:6      | Found a transporter.
  6550 | D:6      | Found Osobb's Distillery.
  6611 | D:6      | Found a runed translucent gate.
  6611 | D:6      | Found a runed translucent gate.
  6612 | D:6      | Noticed a kobold demonologist
  6612 | D:6      | Noticed Pokonic1's ghost (novice OnAl)
  6645 | D:6      | Found a transporter.
  6654 | D:6      | Bought a potion of haste for 140 gold pieces
  6654 | D:6      | Bought a potion of curing for 42 gold pieces
  6780 | D:6      | Reached XP level 9. HP: 68/68 MP: 9/9
  7141 | D:7      | Found Rettyac's General Store.
  7141 | D:7      | Found Fehaun's General Store.
  7143 | D:7      | Found Xuzem's Distillery.
  7143 | D:7      | Found Imisasot's General Store.
  7151 | D:7      | Noticed a two-headed ogre
  7186 | D:7      | Killed a two-headed ogre
  7187 | D:7      | Reached skill level 9 in Unarmed Combat
  7267 | D:7      | Bought a potion of heal wounds for 60 gold pieces
  7273 | D:7      | Bought a potion of heal wounds for 65 gold pieces
  7541 | D:7      | Found a runed translucent gate.
  7542 | D:7      | Found a runed translucent gate.
  7543 | D:7      | Found a runed translucent gate.
  7545 | D:7      | Noticed zenocrate's ghost (novice VSEn)
  7589 | D:7      | Found a hazy altar of Hepliaklqana.
  8009 | D:8      | Reached skill level 10 in Unarmed Combat
  8014 | D:8      | Reached skill level 1 in Evocations
  8020 | D:8      | HP: 2/70 [yak (13)]
  8041 | D:8      | Mangled by a wyvern

Illustrated notes

Levels and vault maps discovered:
D:1:      dpeg_arrival_pits, layout_basic
D:2:      layout_loops_corners, uniq_crazy_yiuf_cottage, uniq_sigmund
D:3:      layout_basic, serial_shops, nicolae_shop_bloodbath_and_beyond,
          minmay_divided_ellipse
D:4:      layout_gridville, mainiacjoe_overflow_chevrons, zin_scriptorium,
          serial_shops, shop, shop_coins, uniq_duvessa, uniq_edmund,
          uniq_blork_the_orc
D:5:      layout_loops_ring, gammafunk_temple_overflow_wave,
          serial_co_window_serial, co_window_paths_b, co_window_paths_b,
          co_window_corner_a, co_window_paths_a, co_window_paths_a,
          co_window_broadway_a, co_window_2corner, co_window_corner_cb,
          co_window_2corner, co_window_of_opportunity_c,
          co_window_unsneaky_path_b, co_window_broadway_b, serial_shops,
          kennysheep_mini_moat, chequers_jeans, lightli_minifort
D:6:      layout_cave_pools, minmay_temple_entry_water_ring, serial_shops,
          nicolae_shop_drivethru, shop, gammafunk_ghost_nasty_kobolds
D:7:      layout_gridville, lemuel_coloured_pillars_altar,
          gammafunk_ghost_necromancy, minivault_4, kennysheep_nub,
          minmay_shop_grid_forest
D:8:      layout_cave_pools, mainiacjoe_overflow_catwalk
Temple:   nicolae_temple_ecumenical_triangle

Skill      XL: |  1  2  3  4  5  6  7  8  9 |
---------------+----------------------------+-----
Dodging        | 2 3 4 |  4.9
Unarmed Combat | 4 5 6 8 10 | 10.3
Shapeshifting  | 4 5 6 8 |  8.1
Stealth        | 1 2 |  2.1
Fighting       | 2 3 |  3.2
Evocations     | 1 |  1.0

Action                     |  1- 3 |  4- 6 |  7- 9 || total
---------------------------+-------+-------+-------++-------
  Melee: Unarmed           |    68 |   115 |   261 ||   444
         Tailslap          |     6 |    12 |    40 ||    58
         Punch             |     1 |     4 |    14 ||    19
Ability: Breathe Frost     |       |       |     3 ||     3
  Evoke: Wand              |       |     2 |     2 ||     4
    Use: Potion            |     1 |     1 |     2 ||     4
         Scroll            |       |     3 |       ||     3
   Stab: Sleeping          |     1 |     8 |       ||     9
 Armour: Skin              |    35 |    60 |   150 ||   245
  Dodge: Dodged            |    39 |    78 |   130 ||   247

Table legend: (Time is in decaauts)
 A = Elapsed time spent in this place.
 B = Non-inter-level travel time spent in this place.
 C = Inter-level travel time spent in this place.
 D = Time resting spent in this place.
 E = Time spent auto-exploring this place.
 F = Levels seen in this place.
 G = Mean time per level.
                   A        B        C        D        E       F      G
               +--------+--------+--------+--------+--------+-----+--------+
         Total |   8015 |   7715 |    300 |    897 |   5521 |   9 |  890.6 |
       Dungeon |   7993 |   7712 |    281 |    897 |   5521 |   8 |  999.1 |
        Temple |     21 |      2 |     19 |      0 |      0 |   1 |   21.0 |
               +--------+--------+--------+--------+--------+-----+--------+

Top non-repeatable levels by time:
     D:5: 1972 daAuts
     D:3: 1342 daAuts
     D:6: 958 daAuts
     D:2: 930 daAuts
     D:4: 904 daAuts
     D:7: 764 daAuts
     D:1: 743 daAuts
     D:8: 377 daAuts
  Temple: 21 daAuts
